 Dungeon Crawl Stone Soup version 0.30-a0-368-g86fb4627a9 (webtiles) character file.

Game seed: 3114313146486298687

284 bande the Trooper (level 6, -3/39 HPs)
             Began as a Gargoyle Fighter on Nov 20, 2022.
             Was an Initiate of Okawaru.
             Slain by an ogre
             ... wielding a +0 giant spiked club
              (15 damage)
             ... on level 4 of the Dungeon.
             The game lasted 00:05:33 (2903 turns).

bande the Trooper (Gargoyle Fighter)                Turns: 2903, Time: 00:05:34

Health: -3/39      AC: 12    Str: 20    XL:     6   Next: 29%
Magic:  7/7        EV:  9    Int:  8    God:    Okawaru [......]
Gold:   210        SH:  4    Dex: 11    Spells: 5/5 levels left

rFire   . . .      SeeInvis .    a - +0 war axe
rCold   . . .      Faith    .    c - +0 buckler
rNeg    + . .      Spirit   .    b - +0 scale mail
rPois   ∞          Reflect  .    (no helmet)
rElec   +          Harm     .    (no cloak)
rCorr   .          Rampage  .    k - +0 pair of gloves
Will    .....                    (no boots)
Stlth   ..........               (no amulet)
HPRegen 0.26/turn                (no ring)
MPRegen 0.10/turn                (no ring)

@: no status effects
A: sickness immunity, AC +4, negative energy resistance 1, electricity
resistance, torment resistance 1, petrification resistance
a: Renounce Religion


You were on level 4 of the Dungeon.
You worshipped Okawaru.
Okawaru was noncommittal.
You visited 1 branch of the dungeon, and saw 4 of its levels.

You collected 210 gold pieces.

Inventory:

Hand Weapons
 a - a +0 war axe (weapon)
 i - the +5 mace of Limush {venom, Will+ Str+5}
   (You found it on level 2 of the Dungeon)

   It poisons the flesh of those it strikes.
   Str:       It affects your strength (+5).
   Will:      It increases your willpower.
Armour
 b - a +0 scale mail (worn)
 c - a +0 buckler (worn)
 k - a +0 pair of gloves (worn)
Jewellery
 j - a ring of wizardry
 l - a ring of fire
 p - a +6 ring of intelligence
Wands
 e - a wand of mindburst (21)
Scrolls
 n - 2 scrolls of teleportation
 s - a scroll of amnesia {unknown}
Potions
 d - 3 potions of might
 f - 2 potions of resistance
 g - 3 potions of ambrosia
 h - 2 potions of haste
 m - a potion of invisibility
 o - 2 potions of mutation
 q - a potion of attraction {unknown}
 r - a potion of lignification {unknown}


   Skills:
 + Level 4.4 Fighting
 + Level 3.8 Axes
 + Level 4.1 Armour
 + Level 4.0 Shields
 * Level 1.3 Invocations
 * Level 1.2 Evocations


You had 5 spell levels left.
You didn't know any spells.
Your spell library was empty.

Dungeon Overview and Level Annotations

Branches:
Dungeon (4/15)
 Temple: D:4-7

Altars:
Gozag
Okawaru
Xom

Shops:
D:2 *

Annotations:
D:3 2 transporters, Spectrina's ghost, amateur DEMo


Innate Abilities, Weirdness & Mutations

You are immune to sickness and miasma.
Your stone body is resilient. (AC +4)
You are immune to poison.
You resist negative energy. (rN+)
You are resistant to electric shocks. (rElec)
You are resistant to unholy torment.
You are immune to petrification.


Message History

You barely miss the kobold.
The kobold hits you but does no damage. x2
You closely miss the kobold. You slash the goblin!
You kill the goblin!
Okawaru accepts your kill. The kobold hits you but does no damage.
You barely miss the kobold. The kobold closely misses you.
You hit the kobold.
You kill the kobold!
Okawaru accepts your kill.
No target in view!
No target in view!
No target in view!
No target in view!
No target in view!
No target in view!
No target in view!
Magic restored.
Things that are here:
a +0 dagger; a kobold corpse
s - a scroll labelled XYOSHR DA ZYRO An ogre comes into view.
It is wielding a +0 giant spiked club.
The ogre hits you with a +0 giant spiked club!!
Ouch! That really hurt!
* * * LOW HITPOINT WARNING * * *
You are too injured to fight recklessly!
You are too injured to fight recklessly!
You are too injured to fight recklessly!
You are too injured to fight recklessly!
You are too injured to fight recklessly!
You are too injured to fight recklessly!
You are too injured to fight recklessly!
You are too injured to fight recklessly!
Unknown command.
You hit the ogre.
The ogre is lightly wounded.
The ogre closely misses you.
You hit the ogre.
The ogre is moderately wounded.
The ogre hits you with a +0 giant spiked club!
You die...

#.#.#.#.#.#.......#.#.##......#.#
###########.......######......#.#
#.......#*,,........#.#
#.......#*,.....#+#.[..
#.......#*......*,###.#
#.......#*######*+#.... #.......#
*,,,,....#.# #.......#
*,,......++# #.....@.#
*,,.....,... #.....O.#
*,,.....,... #.......#
*,,....,,...
#.......#***,,.[..,,...
#####+#..,,,,,,,,,,,...
*,*###********,,... *,* *,,...
*,* **,### *,* *,*


You could see an ogre.

Vanquished Creatures
  A phantom (D:4)
  A necrophage (D:4)
  A hound (D:4)
  5 adders
  An ufetubus (D:4)
  A worm (D:2)
  A dart slug (D:4)
  An orc (D:3)
  6 ball pythons
  7 endoplasms
  2 giant cockroaches
  3 goblins
  8 hobgoblins
  7 jackals
  4 quokkas
  3 bats
  6 kobolds
  2 rats (D:2)
60 creatures vanquished.

Notes
Turn   | Place    | Note
-------+----------+-------------------------------------------
     0 | D:1      | bande the Gargoyle Fighter began the quest for the Orb.
     0 | D:1      | Reached XP level 1. HP: 14/14 MP: 1/1
   299 | D:1      | You fall into a shaft and drop 1 floor!
   338 | D:2      | Reached XP level 2. HP: 19/19 MP: 2/2
   397 | D:2      | Found Jokilutaq's Assorted Antiques.
   420 | D:2      | Identified the +5 mace of Limush {venom, Will+ Str+5}
   684 | D:1      | Reached XP level 3. HP: 24/24 MP: 3/3
  1517 | D:3      | Found a shimmering altar of Xom.
  1542 | D:3      | Noticed Spectrina's ghost (amateur DEMo)
  1542 | D:3      | Noticed an ogre
  1543 | D:3      | Found a transporter.
  1543 | D:3      | Noticed an ogre
  1544 | D:3      | Noticed an ogre
  1685 | D:3      | Found an opulent altar of Gozag.
  1770 | D:3      | Reached XP level 4. HP: 29/29 MP: 4/4
  2199 | D:3      | Found a transporter.
  2234 | D:3      | Identified the +4 spear "Jesadah" {drain, rC++}
  2479 | D:4      | Found an iron altar of Okawaru.
  2484 | D:4      | Became a worshipper of Warmaster Okawaru
  2554 | D:4      | Reached XP level 5. HP: 23/33 MP: 5/5
  2595 | D:4      | Identified the +0 robe "Ofolihoa" {rPois MP+9}
  2795 | D:4      | Reached skill level 1 in Invocations
  2795 | D:4      | Reached skill level 1 in Evocations
  2802 | D:4      | Noticed a phantom
  2811 | D:4      | Killed a phantom
  2812 | D:4      | Reached XP level 6. HP: 29/39 MP: 5/7
  2903 | D:4      | Slain by an ogre

Illustrated notes

Levels and vault maps discovered:
D:1:      dpeg_arrival_houses_and_road, layout_loops_corners, st_stairs_8
D:2:      layout_basic, serial_shops, shop, hangedman_abyss_or_decor_lesser_grid
D:3:      layout_basic, grunt_gozag_breadcrumbs,
          mainiacjoe_overflow_surrounded_room, gammafunk_ghost_smash
D:4:      layout_basic, kennysheep_little_box, minmay_surrounded

Skill      XL: |  1  2  3  4  5 |
---------------+----------------+-----
Axes           | 2 3 |  3.8
Fighting       | 4 |  4.4
Armour         | 4 |  4.1
Invocations    | 1 |  1.3
Evocations     | 1 |  1.2
Shields        | 4 |  4.0

Action                   |  1- 3 |  4- 6 || total
-------------------------+-------+-------++-------
Melee: War axe           |    85 |   128 ||   213
  Use: Scroll            |     7 |     2 ||     9
Armor: Scale mail        |    45 |    91 ||   136
Dodge: Dodged            |    30 |    63 ||    93
Block: Buckler           |    26 |    28 ||    54

Table legend: (Time is in decaauts)
 A = Elapsed time spent in this place.
 B = Non-inter-level travel time spent in this place.
 C = Inter-level travel time spent in this place.
 D = Time resting spent in this place.
 E = Time spent auto-exploring this place.
 F = Levels seen in this place.
 G = Mean time per level.
                   A        B        C        D        E       F      G
               +--------+--------+--------+--------+--------+-----+--------+
         Total |   2989 |   2948 |     41 |      0 |   2291 |   4 |  747.2 |
       Dungeon |   2989 |   2948 |     41 |      0 |   2291 |   4 |  747.2 |
               +--------+--------+--------+--------+--------+-----+--------+

Top non-repeatable levels by time:
     D:1: 935 daAuts
     D:3: 912 daAuts
     D:2: 581 daAuts
     D:4: 560 daAuts
